 Dungeon Crawl Stone Soup version 0.19.5 (webtiles) character file.

1158 tof the Skirmisher (level 8, -5/73 HPs)
             Began as a Minotaur Fighter on Mar 2, 2017.
             Killed from afar by a steam dragon (19 damage)
             ... with a ball of steam
             ... on level 5 of the Dungeon.
             The game lasted 00:11:50 (4199 turns).

tof the Skirmisher (Minotaur Fighter)               Turns: 4199, Time: 00:11:51

Health: -5/73      AC:  7    Str: 21    XL:     8   Next: 16%
Magic:  7/7        EV:  9    Int:  5    God:
Gold:   210        SH: 12    Dex: 12    Spells: 0 memorised, 7 levels left

rFire  . . .     SeeInvis .     a - +0 trident
rCold  . . .     Gourm    .     i - +0 scale mail
rNeg   + . .     Faith    .     c - +0 shield
rPois  .         Spirit   .     (helmet restricted)
rElec  .         Reflect  +     (no cloak)
rCorr  .         Harm     .     (no gloves)
MR     .....                    (no boots)
Stlth  ..........               x - +2 amulet of reflection
                                l - ring of flight
                                b - ring of positive energy

@: no status effects
A: retaliatory headbutt, horns 2
a: Evoke Flight


You were on level 5 of the Dungeon.
You were not hungry.

You visited 1 branch of the dungeon, and saw 5 of its levels.

You collected 210 gold pieces.

Inventory:

Hand Weapons
 a - a +0 trident (weapon)
Armour
 c - a +0 shield (worn)
 i - a +0 scale mail (worn)
Jewellery
 b - a ring of positive energy (left hand)
 l - a ring of flight (right hand)
 o - an uncursed ring of resist corrosion
 q - an uncursed ring of protection from fire
 x - a +2 amulet of reflection (around neck)
Scrolls
 e - 3 scrolls of identify
 g - a scroll of random uselessness {unknown}
 h - 3 scrolls of magic mapping
 j - 2 scrolls of enchant armour {unknown}
 k - a scroll of blinking {unknown}
 m - a scroll of fear {unknown}
 n - a scroll of enchant weapon {unknown}
 s - a scroll of immolation {unknown}
 t - a scroll of recharging {unknown}
Potions
 d - 3 potions of might
 r - a potion of berserk rage
 v - 2 potions of heal wounds
Comestibles
 f - 4 bread rations
 p - 2 meat rations
 w - 8 chunks of flesh


   Skills:
 * Level 7.5 Fighting
 * Level 6.8 Polearms
 + Level 5.7 Armour
 + Level 3.2 Dodging
 + Level 5.4 Shields


You had 7 spell levels left.
You didn't know any spells.

Dungeon Overview and Level Annotations

Branches:
Dungeon (5/15)
 Temple: D:4-7

Altars:
Elyvilon

Shops:
D:4 (


Innate Abilities, Weirdness & Mutations

You reflexively headbutt those who attack you in melee.
You have a pair of horns on your head.


Message History

The steam dragon breathes steam at you. The ball of steam misses you.
You block the steam dragon's attack. The steam dragon claws you.
You hit the steam dragon. Your headbutt misses the steam dragon.
The steam dragon is severely wounded.
You are engulfed in a cloud of scalding steam.
* * * LOW HITPOINT WARNING * * *
You block the steam dragon's attack. x2
You are too injured to fight recklessly!
You are too injured to fight recklessly!
You are engulfed in a cloud of scalding steam.
You block the steam dragon's attack. x2
Really walk into that cloud of steam? [Y]es or [N]o only, please.
Really walk into that cloud of steam?
Okay, then.
You block the steam dragon's attack. x2
The steam dragon breathes steam at you. The ball of steam hits you!
You die...

. D..
...≈.#########
#....D.§.######
#####D@§....... ###
###.#.#... .....##
#...# . ..# ..#
#..## #.# #.# ##..#
# #.###.####..##
#.#.###.#.........#
........#......#.##
........#........#


You could see 2 steam dragons.

Vanquished Creatures
  The ghost of Apogee the Firebug, an amateur TeFE (D:3)
  An ice beast (D:3)
  5 ogres
  2 centaurs
  A scorpion (D:4)
  2 orc wizards
  A hound (D:5)
  An orc priest (D:4)
  2 worker ants
  6 adders
  An ooze (D:2)
  3 dart slugs
  3 leopard geckos
  9 orcs
  2 ball pythons
  8 bats
  3 giant cockroaches
  17 goblins
  13 hobgoblins
  12 jackals
  A quokka (D:4)
  3 frilled lizards
  11 kobolds
  5 rats
113 creatures vanquished.

Notes
Turn   | Place    | Note
-------+----------+-------------------------------------------
     0 | D:1      | tof the Minotaur Fighter began the quest for the Orb.
     0 | D:1      | Reached XP level 1. HP: 19/19 MP: 0/0
   216 | D:1      | Reached XP level 2. HP: 25/27 MP: 1/1
   858 | D:2      | Reached XP level 3. HP: 25/33 MP: 2/2
   878 | D:2      | Reached skill level 4 in Fighting
  1221 | D:2      | Reached XP level 4. HP: 41/41 MP: 3/3
  1752 | D:3      | Noticed an ogre
  1758 | D:3      | Killed an ogre
  1758 | D:3      | Reached skill level 5 in Fighting
  1758 | D:3      | Reached skill level 1 in Dodging
  1758 | D:3      | Reached XP level 5. HP: 45/48 MP: 4/4
  1771 | D:3      | Noticed Apogee's ghost (amateur TeFE)
  1783 | D:3      | Killed Apogee's ghost
  1783 | D:3      | Reached XP level 6. HP: 42/56 MP: 5/5
  1905 | D:3      | Noticed an ice beast
  1937 | D:3      | Killed an ice beast
  1937 | D:3      | Reached skill level 5 in Polearms
  2324 | D:3      | Reached XP level 7. HP: 56/62 MP: 6/6
  2573 | D:3      | Reached skill level 6 in Fighting
  2573 | D:3      | Reached skill level 5 in Armour
  2573 | D:3      | Reached skill level 5 in Shields
  3434 | D:4      | Found Viurr's Weapon Shoppe.
  3602 | D:4      | Found a white marble altar of Elyvilon.
  3625 | D:4      | Reached skill level 7 in Fighting
  3725 | D:4      | Reached XP level 8. HP: 42/73 MP: 7/7
  4036 | D:5      | Entered Level 5 of the Dungeon
  4199 | D:5      | Killed from afar by a steam dragon

Skill      XL: |  1  2  3  4  5  6  7 |
---------------+----------------------+-----
Polearms       | 3 4 5 6 |  6.8
Armour         | 4 5 |  5.7
Fighting       | 4 5 7 |  7.5
Shields        | 4 5 |  5.4
Dodging        | 1 2 3 |  3.2

Action                   |  1- 3 |  4- 6 |  7- 9 || total
-------------------------+-------+-------+-------++-------
Melee: Trident           |   123 |   130 |   130 ||   383
       Headbutt          |    22 |    26 |    17 ||    65
  Use: Potion            |     6 |     1 |     3 ||    10
       Scroll            |       |       |     2 ||     2
  Eat: Chunk             |     1 |     4 |     5 ||    10
       Beef jerky        |       |       |     1 ||     1
Armor: Scale mail        |    43 |    42 |    18 ||   103
Dodge: Dodged            |    36 |    40 |    39 ||   115
Block: Shield            |    51 |    52 |    52 ||   155
